[Event "RUS Cup Final Women 2017"]
[Site "Khanty-Mansiysk"]
[Date "2017.12.05"]
[Round "1"]
[White "Kovanova, Baira"]
[Black "Schepetkova, Margarita"]
[Result "1-0"]
[ECO "A07"]
[WhiteElo "2367"]
[BlackElo "2247"]
[Annotator "ChessBase"]
[PlyCount "93"]
[EventDate "2017.??.??"]
[EventCountry "RUS"]
[SourceTitle "playchess.com"]
[Source "ChessBase"]
[SourceQuality "1"]
[TimeControl "5400+30"]

1. Nf3 d5 2. g3 Nf6 3. Bg2 c6 4. O-O Bg4 5. Ne5 Bf5 6. c4 e6 7. cxd5 exd5 8. d4 Nbd7 9. Nc3 Bd6 10. Bf4 Qe7 11. Nxd7 Bxd7 12. Bg5 Bb4 13. e4 Bxc3 14. e5 Ba5 15. exf6 gxf6 16. Bh4 Rg8 17. Qa4 Qb4 18. Qc2 Qxd4 19. Rfd1 Qg4 20. Bxf6 Qg6 21. Qe2+ Be6 22. Bd4 Bb6 23. Bxb6 axb6 24. Qe3 b5 25. Qb6 Bc8 26. Be4 Qh5 27. Bg2 Kf8 28. Rd4 Qg5 29. Re1 Kg7 30. Rf4 Ra4 31. b4 Qd8 32. Qc5 Re8 33. Qd4+ Kg8 34. Ra1 Qe7 35. Bf3 Qe5 36. Qd1 Ra3 37. Bg4 Bxg4 38. Qxg4+ Qg7 39. Qd1 Kh8 40. Rb1 Rxa2 41. Qf3 Re7 42. Kg2 Rae2 43. Rb3 R2e4 44. Ra3 h6 45. Rf6 Qg4 46. Rxh6+ Kg8 47. Ra8+ 1-0

[Event "RUS Cup Final Women 2017"]
[Site "Khanty-Mansiysk"]
[Date "2017.12.05"]
[Round "1"]
[White "Makarenko, Alexandra"]
[Black "Belenkaya, Dina"]
[Result "1/2-1/2"]
[ECO "B12"]
[WhiteElo "2277"]
[BlackElo "2328"]
[Annotator "NA"]
[PlyCount "77"]
[EventDate "2017.??.??"]
[EventCountry "RUS"]
[SourceTitle "playchess.com"]
[Source "ChessBase"]
[SourceQuality "1"]
[TimeControl "5400+30"]

1. e4 c6 2. d4 d5 3. e5 c5 4. dxc5 Nc6 5. Nf3 Bg4 6. c3 {B12: Caro-Kann: Advance Variation} e6 7. b4 g6 (7... a6 8. Nbd2 Nxe5 9. Qa4+ Nd7 10. Ne5 Ngf6 11. c4 a5 12. Nb3 axb4 13. Qb5 Be7 {0-1 (53) Topalov,V (2760)-Nakamura,H (2779) London 2016}) 8. Bf4 $146 ({Predecessor:} 8. Bb5 Bxf3 9. Qxf3 Bg7 10. Bxc6+ bxc6 11. Qe2 a5 12. a3 f6 13. Bf4 Nh6 {0-1 (34) Fedoseev,V (2670)-Fridman,D (2620) Liepaja 2016}) 8... Bxf3 9. Qxf3 Bg7 10. Bb5 Nge7 11. Qe2 O-O 12. Bxc6 Nxc6 13. b5 Na5 14. Be3 Bxe5 15. f4 Bg7 16. Bd4 Re8 17. O-O f6 (17... Bf8 $17 18. Nd2 Qc7) 18. Nd2 e5 19. fxe5 fxe5 20. Bf2 Rc8 21. Rad1 e4 $1 22. Bd4 Qc7 (22... e3 $5 23. Bxe3 Bh6 $11) 23. Nb3 Bxd4+ 24. cxd4 Nc4 25. Nd2 Na3 26. Nb1 Qa5 27. Nxa3 Qxa3 28. Qg4 Rcd8 29. c6 bxc6 30. bxc6 Qc3 $11 31. Rf6 e3 32. Rxg6+ hxg6 33. Qxg6+ Kh8 34. Qh6+ Kg8 35. Qg6+ Kh8 36. Qh6+ Kg8 37. Qg6+ Kh8 38. Qh6+ Kg8 39. Qg6+ 1/2-1/2

[Event "RUS Cup Final Women 2017"]
[Site "Khanty-Mansiysk"]
[Date "2017.12.05"]
[Round "1"]
[White "Maltsevskaya, Aleksandra"]
[Black "Tomilova, Elena"]
[Result "1/2-1/2"]
[ECO "C10"]
[WhiteElo "2260"]
[BlackElo "2322"]
[Annotator "RC"]
[PlyCount "120"]
[EventDate "2017.??.??"]
[EventCountry "RUS"]
[SourceTitle "playchess.com"]
[Source "ChessBase"]
[SourceQuality "1"]
[TimeControl "5400+30"]

1. e4 e6 2. d4 d5 3. Nc3 Nf6 4. Bg5 dxe4 5. Nxe4 Nbd7 6. Nxf6+ Nxf6 7. Nf3 Be7 8. Bd3 c5 9. Qe2 O-O 10. dxc5 Qa5+ 11. c3 Qxc5 12. O-O h6 13. Bh4 Bd7 14. Ne5 Rfd8 15. Rad1 Be8 16. Bxf6 Bxf6 17. Ng4 Bc6 18. Nxf6+ gxf6 19. Be4 Bb5 20. Qg4+ Qg5 21. Qxg5+ hxg5 22. Rfe1 Bc6 23. Bxc6 bxc6 24. g3 Kf8 25. Kg2 Ke7 26. Kf3 Rh8 27. Rd4 Rxh2 28. Red1 Rb8 29. Rd7+ Ke8 30. c4 f5 31. b3 g4+ 32. Ke3 Rh1 33. R1d3 Re1+ 34. Kd2 Ra1 35. Rxa7 Rd8 36. Rxd8+ Kxd8 37. a4 Ra2+ 38. Kc3 Rxf2 39. Rxf7 c5 40. a5 Ra2 41. Ra7 Ke8 42. a6 e5 43. b4 Ra3+ 44. Kb2 cxb4 45. c5 Kd8 46. Rf7 Rxa6 47. Kb3 Re6 48. Kc4 e4 49. Rxf5 e3 50. Rf1 Kc7 51. Kxb4 e2 52. Re1 Kc6 53. Kc4 Re3 54. Kd4 Re8 55. Kd3 Kxc5 56. Rxe2 Rxe2 57. Kxe2 Kd4 58. Kd2 Ke4 59. Ke2 Kd4 60. Kd2 Ke5 1/2-1/2

[Event "RUS Cup Final Women 2017"]
[Site "Khanty-Mansiysk"]
[Date "2017.12.08"]
[Round "2.2"]
[White "Kovanova, Baira"]
[Black "Shaydullina, Sandugach"]
[Result "1/2-1/2"]
[ECO "D31"]
[WhiteElo "2367"]
[BlackElo "2185"]
[Annotator "RC"]
[PlyCount "191"]
[EventDate "2017.??.??"]
[EventCountry "RUS"]
[SourceTitle "playchess.com"]
[Source "ChessBase"]
[SourceQuality "1"]
[TimeControl "5400+30"]

1. d4 d5 2. c4 e6 3. Nc3 c6 4. e3 f5 5. Bd3 Nh6 6. Qc2 Bd6 7. f4 O-O 8. Nf3 Na6 9. a3 dxc4 10. Bxc4 b5 11. Be2 b4 12. Na4 bxa3 13. bxa3 Qc7 14. Bd2 c5 15. dxc5 Nxc5 16. Rc1 Na6 17. Qc6 Bb7 18. Qxc7 Nxc7 19. Nc5 Bd5 20. O-O Rfb8 21. Nd4 Rb2 22. Ba5 Nb5 23. Nxb5 Bxc5 24. Rxc5 Rxe2 25. Rf2 Rxe3 26. Nc7 Rb8 27. h3 Rb1+ 28. Rf1 Rb2 29. Rf2 Rb1+ 30. Rf1 Rxf1+ 31. Kxf1 Be4 32. Kf2 Rxa3 33. Nxe6 Ra2+ 34. Ke3 Ra3+ 35. Bc3 Kf7 36. Ng5+ Ke8 37. Nxe4 fxe4 38. Kxe4 Ra4+ 39. Ke3 g6 40. g4 Nf7 41. Rc7 Ra3 42. Kd3 Nd6 43. Rc5 Ra2 44. Re5+ Kd7 45. Bb4 Nc8 46. f5 Rb2 47. Bc3 Rf2 48. fxg6 hxg6 49. Rg5 Ne7 50. h4 Rf3+ 51. Kc2 Rf2+ 52. Kd3 Rf3+ 53. Kc2 Rh3 54. h5 gxh5 55. gxh5 Ke6 56. Re5+ Kd6 57. Ra5 Nd5 58. Bd2 Rxh5 59. Rxa7 Rh2 60. Ra6+ Kc5 61. Ra5+ Kc6 62. Ra6+ Nb6 63. Kd3 Kb7 64. Ra5 Rh3+ 65. Be3 Nc8 66. Rg5 Nd6 67. Rg7+ Kc6 68. Rg5 Kd7 69. Re5 Nf7 70. Ra5 Ke6 71. Ke2 Ne5 72. Bf4 Nf3 73. Be3 Ne5 74. Bf4 Nc6 75. Ra6 Kd5 76. Kf2 Nd4 77. Bg3 Rh7 78. Ra8 Rf7+ 79. Kg2 Nf5 80. Ra5+ Ke4 81. Ra4+ Kd3 82. Ra3+ Kc4 83. Ra4+ Kb5 84. Rf4 Kc6 85. Kf3 Kd5 86. Kg4 Ne3+ 87. Kf3 Re7 88. Bf2 Nc2 89. Rf5+ Kc4 90. Rf8 Rd7 91. Ke4 Re7+ 92. Kf3 Nb4 93. Rf4+ Kb5 94. Rf5+ Kc4 95. Bc5 Re1 96. Bxb4 1/2-1/2

[Event "RUS Cup Final Women 2017"]
[Site "Khanty-Mansiysk"]
[Date "2017.12.09"]
[Round "3.1"]
[White "Tomilova, Elena"]
[Black "Kovanova, Baira"]
[Result "1/2-1/2"]
[ECO "D03"]
[WhiteElo "2322"]
[BlackElo "2367"]
[Annotator "ChessBase"]
[PlyCount "59"]
[EventDate "2017.??.??"]
[EventCountry "RUS"]
[SourceTitle "playchess.com"]
[Source "ChessBase"]
[SourceQuality "1"]
[TimeControl "5400+30"]

1. d4 Nf6 2. Bg5 d5 3. e3 c5 4. c3 Nc6 5. Nd2 e6 6. Bd3 h6 7. Bh4 Bd6 8. Ngf3 Qc7 9. O-O cxd4 10. exd4 Nh5 11. Re1 Nf4 12. Bb5 a6 13. Bxc6+ Qxc6 14. Nb3 a5 15. Ne5 Bxe5 16. dxe5 Bd7 17. Bg3 Ng6 18. Nd4 Qb6 19. Qb3 Qxb3 20. axb3 O-O 21. f3 Rfc8 22. Ra3 b6 23. Bf2 Nf4 24. Rd1 Ng6 25. Re1 Nf4 26. Rd1 Ng6 27. Re1 Nf4 28. Re3 f6 29. exf6 gxf6 30. Bg3 1/2-1/2

[Event "RUS Cup Final Women 2017"]
[Site "Khanty-Mansiysk"]
[Date "2017.12.10"]
[Round "3.2"]
[White "Kovanova, Baira"]
[Black "Tomilova, Elena"]
[Result "1-0"]
[ECO "D10"]
[WhiteElo "2367"]
[BlackElo "2322"]
[Annotator "NA"]
[PlyCount "83"]
[EventDate "2017.??.??"]
[EventCountry "RUS"]
[SourceTitle "playchess.com"]
[Source "ChessBase"]
[SourceQuality "1"]
[TimeControl "5400+30"]

1. d4 d5 2. c4 c6 3. e3 Nf6 4. Nc3 Bf5 5. cxd5 cxd5 6. Qb3 Nc6 {D10: Slav Defence: 3 cxd5 (without early Nf3) and 3 Nc3} 7. Qxb7 Bd7 $1 8. Qb3 Rb8 9. Qd1 e5 {LiveBook: 100 Games} 10. dxe5 Nxe5 11. a3 (11. Nge2 Bc5 12. Nd4 O-O 13. Be2 Qe7 14. O-O {1-0 (48) Melkumyan,H (2640)-Solak,D (2633) Izmir 2016}) 11... Qc7 $146 ({Predecessor:} 11... Bd6 12. f4 Ng6 13. Nf3 O-O 14. Be2 {½-½ (38) Klein,E (1936)-Kumar,A (2182) ICC INT 2015}) 12. Be2 Bd6 13. Nf3 Nxf3+ 14. Bxf3 O-O 15. h3 Rfd8 16. O-O ({Reject} 16. Nxd5 Nxd5 17. Bxd5 (17. Qxd5 $2 Be5 $19) 17... Bc6 $17) 16... Bh2+ 17. Kh1 Be5 18. a4 Rb6 19. Nxd5 Nxd5 20. Bxd5 Be6 21. e4 Bxd5 22. exd5 Qc4 23. Be3 Rxb2 $16 24. Rc1 Qb4 25. Rc5 h6 26. d6 Rxd6 27. Rc8+ Kh7 28. Qh5 Rg6 29. Qxe5 Qb7 30. Rg1 Rb1 31. Rcc1 Rb4 32. Rc7 Qb8 33. Bxa7 Qa8 34. Rxf7 Rxa4 35. Bd4 Qg8 36. Re7 Qf8 37. Re8 Qb4 38. Qd5 Qc4 39. Qxc4 Rxc4 40. Be3 Rc2 41. Re7 Rd6 42. Rb1 1-0